 Dungeon Crawl Stone Soup version 0.30.0-29-ga12c61a403 (webtiles) character file.

Game seed: 482613207477529162

772 Baz the Ruffian (level 7, -1/61 HPs)
             Began as a Pale Draconian Transmuter on June 22, 2023.
             Was a Follower of Ru.
             Slain by a steam dragon (4 damage)
             ... on level 6 of the Dungeon.
             The game lasted 00:14:25 (4313 turns).

Baz the Ruffian (Pale Draconian Transmuter)         Turns: 4313, Time: 00:14:26

Health: -1/61      AC:  2    Str: 15    XL:     7   Next: 53%
Magic:  7/10       EV: 19    Int: 19    God:    Ru [*.....]
Gold:   183        SH:  0    Dex: 16    Spells: 0/10 levels left

rFire   . .          .
                       - Unarmed
rCold   . . .        (shield currently unavailable)
rNeg    . . .        (body armour unavailable)
rPois   x            (helmet currently unavailable)
rElec   .            (cloak currently unavailable)
rCorr   .            g - melded +0 pair of gloves
SInv    .            (boots currently unavailable)
Will    .....        (no amulet)
Stlth   +            d - +6 ring of intelligence
HPRegen 0.30/turn    (no ring)
MPRegen 0.12/turn

%: no passive effects
@: short of breath, spider-form, horrified
A: venomous fangs, (breathe steam), AC +6, tiny, unfitting armour,
(cold-blooded), cowardly, (steam resistance)
a: End Transformation, Renounce Religion


You were on level 6 of the Dungeon.
You worshipped Ru.
Ru was aware of your devotion.
You were a venomous arachnid creature.
You visited 1 branch of the dungeon, and saw 6 of its levels.
You also visited: Ossuary.

You collected 260 gold pieces.
You spent 77 gold pieces at shops.

Inventory:

Armour
 g - a +0 pair of gloves (melded)
Jewellery
 d - a +6 ring of intelligence (left front pincers)
 o - a ring of see invisible
Wands
 m - a wand of polymorph (2)
 x - a wand of charming (8)
Scrolls
 c - a scroll of noise
 e - 2 scrolls of teleportation
 h - a scroll of blinking
 i - a scroll of torment {unknown}
 k - a scroll of vulnerability {unknown}
 p - a scroll of enchant weapon {unknown}
 r - 2 scrolls of enchant armour {unknown}
 s - a scroll of immolation {unknown}
 t - 4 scrolls of identify
 u - 2 scrolls of fear {unknown}
 v - a scroll of magic mapping {unknown}
Potions
 a - a potion of lignification
 b - 7 potions of curing
 f - a potion of attraction
 j - a potion of berserk rage
 l - 3 potions of mutation {unknown}
 n - a potion of brilliance {unknown}
 q - a potion of might {unknown}
 w - 2 potions of flight {unknown}


   Skills:
 + Level 5.0 Fighting
 - Level 1.7 Dodging
 + Level 5.6 Unarmed Combat
 + Level 2.4 Spellcasting
 + Level 5.0 Transmutations
 + Level 1.4 Evocations


You couldn't memorise any spells.
You knew the following spells:

 Your Spells              Type           Power      Damage    Failure   Level
a - Beastly Appendage     Tmut           32%        N/A       8%          1
b - Wereblood             Tmut           16%        N/A       11%         2
c - Spider Form           Tmut/Pois      9%         N/A       36%         3
d - Ice Form              Ice/Tmut       9%         N/A       71%         4

Your spell library contained the following spells:

 Spells                   Type           Power      Damage    Failure   Level
 Blink                    Tloc           2%         N/A       45%         2
 Lesser Beckoning         Tloc           2%         N/A       45%         2
 Momentum Strike          Conj/Tloc      2%         3d8       45%         2
 Gell's Gravitas          Tloc           1%         N/A       65%         3
 Teleport Other           Tloc           1%         N/A       65%         3
 Dispersal                Tloc           0%         N/A       100%        6


Dungeon Overview and Level Annotations

Branches:
Dungeon (6/15)            Ossuary (visited)
 Temple: D:4-7

Altars:
Nemelex Xobeh
Ru
Vehumet
Xom

Shops:
D:1 [   D:4 ?


Innate Abilities, Weirdness & Mutations

You are a venomous arachnid creature.
You have venomous fangs.
You are tiny and dextrous.
Your spellcasting is less reliable in this form.
Your armour is entirely melded.
You are incapable of wielding weapons or throwing items.
((You can breathe blasts of scalding, opaque steam.))
((Your pale cyan-grey scales are hard. (AC +6)))
You cannot fit into any form of body armour.
((You are cold-blooded and may be slowed by cold attacks.))
Your cowardice makes you less effective in combat with threatening foes.
((You are immune to the effects of steam.))


Message History

Okay, then.
Unknown command.
(D) Dungeon
Where to? (Enter - D:5, ? - help)
You see here 5 javelins.
There is a stone staircase leading down here.
You climb downwards.
You feel a twist of horror at the sight of this foe.
There is a stone staircase leading up here.
A steam dragon is nearby!
Aiming: Breathe Steam (1% risk of failure)
Press: ? - help, Shift-Dir - straight line, f - steam dragon
Aim: a steam dragon (71% to hit)
You exhale a blast of scalding steam.
The ball of steam misses the steam dragon.
The steam dragon bites you. The steam dragon barely misses you.
Casting: Beastly Appendage (safe; 1% risk of failure)
Confirm with . or Enter, or press ? or * to list all spells.
You turn into a venomous arachnid creature.
Your +0 pair of gloves melds into your body.
The steam dragon breathes steam at you. The ball of steam hits you!!
You bite the steam dragon!
The steam dragon looks as sick as possible!
The steam dragon is moderately wounded.
You are engulfed in a cloud of scalding steam.
You hit the steam dragon.
The steam dragon looks as sick as possible!
The steam dragon is heavily wounded.
You are engulfed in a cloud of scalding steam.
* * * LOW HITPOINT WARNING * * *
The steam dragon bites you.
* * * LOW HITPOINT WARNING * * *
The steam dragon misses you.
You barely miss the steam dragon.
The steam dragon is severely wounded.
You are engulfed in a cloud of scalding steam.
* * * LOW HITPOINT WARNING * * *
The steam dragon bites you.
You die... ###### #§§Ds# #.####

You could see a steam dragon (extremely poisoned, catching breath).

Vanquished Creatures
  An ice beast (D:5)
  A phantom (D:5)
  Blork the orc (D:4)
  A scorpion (D:4)
  3 hounds (D:5)
  2 iguanas
  3 orc wizards
  Robin (D:4)
  7 adders
  7 gnolls
  2 ufetubi
  2 adder zombies (Ossuary)
  3 worms
  A dart slug (D:2)
  11 orcs
  4 bats
  6 endoplasms
  A giant cockroach (D:3)
  21 goblins
  5 hobgoblins
  6 kobolds
  2 quokkas
  2 ball pythons
  2 frilled lizards
  2 hobgoblin skeletons (Ossuary)
  2 hobgoblin zombies (Ossuary)
  An orc skeleton (Ossuary)
  An orc zombie (Ossuary)
  A quokka zombie (D:5)
  3 rats
  A rat zombie (D:5)
106 creatures vanquished.

Notes
Turn   | Place    | Note
-------+----------+-------------------------------------------
     0 | D:1      | Baz the Draconian Transmuter began the quest for the Orb.
     0 | D:1      | Reached XP level 1. HP: 16/16 MP: 3/3
    47 | D:1      | Found Vyfiok's Armour Boutique.
   240 | D:1      | Reached XP level 2. HP: 23/23 MP: 5/5
   312 | D:1      | You fall into a shaft and drop 1 floor!
   457 | D:2      | Reached XP level 3. HP: 25/29 MP: 4/6
   713 | D:1      | Bought a +0 pair of gloves for 49 gold pieces
  1099 | D:2      | Identified the +2 long sword "Ulakk" {flame, rC- rN+ rCorr}
  1135 | D:3      | Reached XP level 4. HP: 25/37 MP: 7/7
  1308 | D:3      | Learned a level 2 spell: Wereblood
  1312 | D:3      | Learned a level 3 spell: Spider Form
  1644 | D:3      | Reached XP level 5. HP: 39/45 MP: 6/8
  2185 | D:4      | Noticed Blork the orc
  2195 | D:4      | Killed Blork the orc
  2397 | D:4      | Reached XP level 6. HP: 42/52 MP: 5/9
  2446 | D:4      | Noticed Robin
  2463 | D:4      | Killed Robin
  2570 | D:4      | Found a shimmering altar of Xom.
  2674 | D:4      | Found a sacrificial altar of Ru.
  2684 | D:4      | Became a worshipper of Ru the Awakened
  2708 | D:4      | Found Voloidy's Magic Scroll Shoppe.
  2716 | D:4      | Bought a scroll of identify for 28 gold pieces
  2877 | D:4      | Reached skill level 5 in Unarmed Combat
  3105 | D:4      | Found a radiant altar of Vehumet.
  3194 | D:5      | Entered Level 5 of the Dungeon
  3198 | D:5      | Noticed an ice beast
  3213 | D:5      | Killed an ice beast
  3220 | D:5      | Your scales start taking on a pale cyan-grey colour.
  3220 | D:5      | Reached XP level 7. HP: 16/60 MP: 10/10
  3220 | D:5      | Gained mutation: You are immune to the effects of steam.
                  | [Pale Draconian growth]
  3377 | D:5      | Found a sand-covered staircase.
  3394 | Ossuary  | Entered an ossuary
  3416 | Ossuary  | Learned a level 4 spell: Ice Form
  3533 | Ossuary  | Noticed a flying skull
  3533 | Ossuary  | Noticed a wraith
  3541 | Ossuary  | Noticed a flying skull
  3543 | Ossuary  | Noticed a flying skull
  3545 | Ossuary  | Noticed a flying skull
  3728 | D:5      | Reached skill level 1 in Evocations
  3771 | D:5      | Reached skill level 5 in Fighting
  3845 | D:5      | Reached skill level 5 in Transmutations
  3855 | D:5      | Gained mutation: Your cowardice makes you less effective in
                  | combat with threatening foes. [Ru sacrifice]
  3855 | D:5      | Reached * piety under Ru
  4183 | D:5      | Found a sparkling altar of Nemelex Xobeh.
  4308 | D:6      | Noticed a steam dragon
  4313 | D:6      | HP: 2/61 [steam dragon] (3)]
  4313 | D:6      | Slain by a steam dragon

Illustrated notes

Levels and vault maps discovered:
D:1:      giann_forest_graveyard, layout_loops_ring, serial_shops,
          nicolae_shop_window_shopping, minmay_tromino_v2
D:2:      layout_loops_ring
D:3:      layout_loops_ring, hangedman_decor_push, kennysheep_small_spiral
D:4:      layout_cave_pools, lemuel_round_altar, mainiacjoe_overflow_paths,
          mainiacjoe_overflow_alcove_2, serial_shops, nicolae_shop_waterfront,
          minmay_surrounded, uniq_robin, uniq_blork_the_orc
D:5:      layout_loops_ring, nemelex_diamond_rough_becter, enter_ossuary_4
D:6:      layout_basic, lemuel_round_altar, nicolae_tso_besieged_by_evil,
          minmay_temple_entry_hall, uniq_prince_ribbit1

Skill      XL: |  1  2  3  4  5  6  7 |
---------------+----------------------+-----
Fighting       | 2 3 4 5 |  5.0
Transmutations | 3 4 5 |  5.0
Unarmed Combat | 4 5 |  5.6
Evocations     | 1 |  1.4
Dodging        | |  1.7
Spellcasting   | |  2.4

Action                     |  1- 3 |  4- 6 |  7- 9 || total
---------------------------+-------+-------+-------++-------
  Melee: Unarmed           |    97 |   172 |    86 ||   355
         Kick              |    13 |    29 |     4 ||    46
         Tailslap          |    11 |    18 |     8 ||    37
         Headbutt          |     8 |    12 |     5 ||    25
         Punch             |     1 |     2 |     3 ||     6
   Cast: Beastly Appendage |    11 |     8 |     2 ||    21
         Spider Form       |       |     3 |     2 ||     5
         Wereblood         |       |     3 |     4 ||     7
 Invoke: Sacrifice Courage |       |       |     1 ||     1
Ability: Breathe Steam     |       |       |     1 ||     1
    Use: Scroll            |       |     5 |     1 ||     6
   Stab: Distracted        |     1 |       |       ||     1
         Sleeping          |     1 |     1 |       ||     2
 Armour: Skin              |    39 |    82 |    16 ||   137
  Dodge: Dodged            |    48 |   129 |    57 ||   234
